[ AOE2 MATCH · #481383044 ]
UnrankedEthiopians vs Shu
[ REPLAY ANALYSIS · EXTRACTED FROM THE RECORDED GAME ]
Feudal
—
Castle
7:32
Imperial
—
| APM avg | 31.5 |
| APM peak | 71 |
| eAPM avg | 18.0 |
| Villagers / military | 74 / 140 |
Focus
⚔️ 30.5% · 🌾 69.5%
Archer ×124 · Spearman ×15 · Mangonel ×1
Feudal
—
Castle
9:52
Imperial
—
| APM avg | 25.3 |
| APM peak | 53 |
| eAPM avg | 12.7 |
| Villagers / military | 62 / 131 |
Focus
⚔️ 35.6% · 🌾 64.4%
Spearman ×30 · Cavalry Archer ×30 · Skirmisher ×28 · Scout Cavalry ×23 · Archer ×20 · Unknown (1959) ×18
Feudal
—
Castle
8:57
Imperial
25:14
| APM avg | 23.6 |
| APM peak | 42 |
| eAPM avg | 16.3 |
| Villagers / military | 90 / 85 |
Focus
⚔️ 30.5% · 🌾 69.5%
Huskarl ×42 · Militia ×40 · Spearman ×2 · Monk ×1
Feudal
—
Castle
12:41
Imperial
28:52
| APM avg | 15.4 |
| APM peak | 39 |
| eAPM avg | 8.8 |
| Villagers / military | 101 / 49 |
Focus
⚔️ 27.4% · 🌾 72.6%
Scout Cavalry ×36 · Knight ×13
Feudal
—
Castle
13:39
Imperial
—
| APM avg | 23.7 |
| APM peak | 60 |
| eAPM avg | 12.2 |
| Villagers / military | 24 / 40 |
Focus
⚔️ 37.3% · 🌾 62.7%
Spearman ×17 · Archer ×16 · Cavalry Archer ×5 · Knight ×2
Feudal
—
Castle
6:35
Imperial
24:05
| APM avg | 15.9 |
| APM peak | 33 |
| eAPM avg | 12.9 |
| Villagers / military | 73 / 95 |
Focus
⚔️ 39.7% · 🌾 60.3%
Knight ×88 · Spearman ×7
Match map
Initial resources + every placement click. Lines = walls · curves = elevation contours. ◆ gold · ⬟ stone · ● berries · ✦ relic · ◌ wall gap
Your base· Open — unwalled flank
Jorasho's base· Open — unwalled flank
Tokugawer's base· Open — 10t gap
pajw734's base· Open — 3t gap
1829032's base· Open — unwalled flank
Flumi's base· Open — unwalled flank
Smoothed initial terrain · ◌ = detected wall gap · hover for details
Inputs per minute
— TCONE - - Jorasho
Build order — TCONE
First 150 of 260 actions detected
| 0:03 | Create | Villager (Male) |
| 0:03 | Create | Villager (Male) |
| 0:03 | Create | Villager (Male) |
| 0:07 | Create | Spearman |
| 0:07 | Create | Spearman |
| 0:22 | Research | Double-Bit Axe |
| 0:22 | Research | Double-Bit Axe |
| 0:41 | Build | Mill |
| 1:02 | Create | Spearman |
| 1:07 | Create | Villager (Male) |
| 1:08 | Create | Villager (Male) |
| 1:12 | Build | House |
| 1:18 | Build | Archery Range |
| 1:21 | Build | Palisade Wall |
| 1:27 | Create | Spearman |
| 1:46 | Build | House |
| 1:47 | Build | House |
| 1:49 | Build | Palisade Wall |
| 1:55 | Create | Villager (Male) |
| 2:14 | Build | Blacksmith |
| 2:17 | Create | Spearman |
| 2:23 | Create | Villager (Male) |
| 2:39 | Create | Spearman |
| 2:41 | Create | Spearman |
| 2:54 | Build | Farm |
| 2:56 | Build | Farm |
| 3:01 | Build | House |
| 3:03 | Create | Villager (Male) |
| 3:06 | Create | Spearman |
| 3:10 | Create | Archer |
| 3:29 | Create | Villager (Male) |
| 3:30 | Create | Villager (Male) |
| 3:34 | Build | House |
| 3:37 | Research | Wheelbarrow |
| 3:38 | Research | Wheelbarrow |
| 3:56 | Create | Archer |
| 3:56 | Create | Archer |
| 4:51 | Research | Castle Age |
| 4:51 | Research | Castle Age |
| 4:55 | Create | Villager (Male) |
| 5:07 | Create | Archer |
| 5:14 | Create | Archer |
| 5:17 | Create | Spearman |
| 5:17 | Create | Spearman |
| 5:40 | Build | Archery Range |
| 5:57 | Build | Archery Range |
| 6:08 | Create | Villager (Male) |
| 6:15 | Create | Archer |
| 6:36 | Research | Fletching |
| 6:37 | Research | Padded Archer Armor |
| 6:37 | Research | Padded Archer Armor |
| 6:42 | Build | Archery Range |
| 6:49 | Create | Archer |
| 6:49 | Create | Archer |
| 6:55 | Research | Gold Mining |
| 6:55 | Research | Gold Mining |
| 7:03 | Build | Mining Camp |
| 7:11 | Create | Archer |
| 7:11 | Create | Archer |
| 7:15 | Create | Archer |
| 7:15 | Create | Archer |
| 7:32 | Age | Castle Age |
| 7:36 | Research | Gold Shaft Mining |
| 7:41 | Research | Crossbowman (upgrade) |
| 7:41 | Research | Crossbowman (upgrade) |
| 7:46 | Create | Archer |
| 7:47 | Create | Archer |
| 7:51 | Build | House |
| 7:51 | Build | House |
| 7:51 | Build | House |
| 7:52 | Build | House |
| 7:52 | Build | House |
| 7:52 | Build | House |
| 8:30 | Create | Villager (Male) |
| 8:35 | Create | Archer ×5 |
| 8:35 | Create | Archer ×5 |
| 9:18 | Create | Villager (Male) |
| 9:18 | Create | Villager (Male) |
| 9:28 | Build | Mining Camp |
| 9:34 | Create | Spearman |
| 9:35 | Create | Spearman |
| 9:56 | Create | Villager (Male) |
| 9:56 | Create | Villager (Male) |
| 9:59 | Research | Hand Cart |
| 9:59 | Research | Hand Cart |
| 10:03 | Create | Villager (Male) |
| 10:03 | Create | Villager (Male) |
| 10:05 | Research | Bodkin Arrow |
| 10:05 | Research | Bodkin Arrow |
| 10:14 | Build | University |
| 10:36 | Build | House |
| 10:45 | Build | Mining Camp |
| 10:48 | Create | Archer |
| 10:48 | Create | Archer |
| 10:48 | Create | Archer |
| 10:49 | Create | Archer |
| 10:49 | Create | Archer |
| 10:49 | Create | Archer ×5 |
| 10:49 | Create | Archer ×5 |
| 11:15 | Create | Villager (Male) |
| 11:16 | Create | Villager (Male) |
| 11:17 | Create | Villager (Male) |
| 11:19 | Create | Archer ×3 |
| 11:20 | Create | Villager (Male) |
| 11:20 | Create | Villager (Male) |
| 11:38 | Research | Ballistics |
| 11:38 | Research | Ballistics |
| 12:34 | Create | Villager (Male) |
| 12:35 | Create | Archer |
| 12:35 | Create | Archer |
| 12:35 | Create | Archer |
| 13:10 | Create | Archer |
| 13:10 | Create | Archer |
| 13:11 | Create | Archer |
| 13:12 | Create | Archer |
| 13:12 | Create | Villager (Male) |
| 13:12 | Create | Villager (Male) |
| 13:13 | Create | Villager (Male) |
| 13:13 | Create | Villager (Male) |
| 13:16 | Create | Archer |
| 13:16 | Create | Archer |
| 13:17 | Create | Archer |
| 13:50 | Create | Villager (Male) |
| 13:52 | Build | House |
| 13:53 | Build | House |
| 13:53 | Build | House |
| 13:54 | Build | House |
| 14:01 | Research | Bow Saw |
| 14:01 | Research | Bow Saw |
| 14:01 | Research | Bow Saw |
| 14:16 | Research | Hand Cart |
| 14:16 | Research | Hand Cart |
| 14:21 | Build | Farm |
| 14:24 | Build | Farm |
| 14:25 | Build | Farm |
| 14:33 | Create | Villager (Male) |
| 14:33 | Create | Villager (Male) |
| 15:28 | Build | House |
| 15:37 | Create | Spearman |
| 15:38 | Create | Spearman |
| 15:39 | Create | Spearman |
| 15:59 | Research | Leather Archer Armor |
| 16:42 | Create | Archer ×5 |
| 16:42 | Create | Archer ×5 |
| 16:44 | Create | Archer ×5 |
| 17:39 | Create | Villager (Male) |
| 17:40 | Create | Villager (Male) |
| 17:40 | Create | Villager (Male) |
| 17:52 | Build | House |
| 18:03 | Build | House |
Build order — Jorasho
First 150 of 222 actions detected
| 0:06 | Create | Villager (Male) ×4 |
| 0:38 | Build | Farm |
| 0:38 | Build | Farm |
| 0:38 | Build | Farm |
| 0:38 | Build | Farm |
| 0:39 | Build | Farm |
| 0:39 | Build | Farm |
| 0:39 | Build | Farm |
| 0:39 | Build | Farm |
| 0:43 | Create | Villager (Male) |
| 0:43 | Create | Villager (Male) |
| 0:43 | Create | Villager (Male) |
| 1:02 | Create | Villager (Male) |
| 1:23 | Research | Fletching |
| 1:52 | Build | House |
| 1:56 | Build | House |
| 1:57 | Build | House |
| 2:20 | Research | Wheelbarrow |
| 2:20 | Create | Villager (Male) |
| 2:21 | Create | Villager (Male) |
| 2:21 | Create | Villager (Male) |
| 2:36 | Build | Mill |
| 2:42 | Create | Villager (Male) |
| 2:42 | Create | Villager (Male) |
| 3:15 | Build | Archery Range |
| 3:27 | Build | Archery Range |
| 3:31 | Research | Town Watch |
| 3:33 | Create | Villager (Male) |
| 3:33 | Create | Villager (Male) |
| 3:42 | Build | Farm |
| 3:52 | Build | Mill |
| 3:58 | Research | Double-Bit Axe |
| 4:40 | Research | Horse Collar |
| 4:48 | Create | Archer |
| 4:48 | Create | Archer |
| 4:49 | Create | Archer |
| 4:49 | Create | Archer |
| 4:50 | Create | Archer |
| 5:00 | Research | Padded Archer Armor |
| 5:02 | Create | Villager (Male) |
| 5:02 | Create | Villager (Male) |
| 5:26 | Build | Mining Camp |
| 5:52 | Create | Archer |
| 5:52 | Create | Archer |
| 5:53 | Create | Archer |
| 5:53 | Create | Archer |
| 5:57 | Create | Archer |
| 5:57 | Create | Archer |
| 6:10 | Build | Stable |
| 6:16 | Research | Gold Mining |
| 6:19 | Create | Villager (Male) |
| 6:20 | Create | Villager (Male) |
| 6:54 | Research | Castle Age |
| 6:54 | Research | Castle Age |
| 6:59 | Create | Villager (Male) |
| 7:00 | Create | Villager (Male) |
| 7:00 | Create | Villager (Male) |
| 7:00 | Create | Villager (Male) |
| 7:10 | Create | Scout Cavalry |
| 7:10 | Create | Scout Cavalry |
| 7:10 | Create | Scout Cavalry |
| 7:11 | Create | Scout Cavalry |
| 7:33 | Build | House |
| 7:34 | Build | House |
| 7:36 | Build | House |
| 8:13 | Research | Scale Barding Armor |
| 8:14 | Research | Forging |
| 8:22 | Create | Archer |
| 8:22 | Create | Archer |
| 8:38 | Build | Farm |
| 8:39 | Build | Farm |
| 8:39 | Build | Farm |
| 8:40 | Build | Farm |
| 8:42 | Build | Farm |
| 8:43 | Build | Farm |
| 8:44 | Build | Farm |
| 8:50 | Create | Villager (Male) |
| 8:56 | Create | Scout Cavalry |
| 8:56 | Create | Scout Cavalry |
| 8:59 | Create | Scout Cavalry |
| 9:00 | Create | Scout Cavalry |
| 9:03 | Create | Archer |
| 9:03 | Create | Archer |
| 9:52 | Age | Castle Age |
| 9:56 | Build | Barracks |
| 9:58 | Build | Barracks |
| 10:08 | Create | Villager (Male) |
| 10:08 | Create | Villager (Male) |
| 10:16 | Research | Crossbowman (upgrade) |
| 10:22 | Research | Thumb Ring |
| 10:23 | Create | Archer |
| 10:23 | Create | Archer |
| 10:23 | Create | Archer |
| 10:26 | Research | Bodkin Arrow |
| 10:39 | Build | Farm |
| 10:51 | Build | Farm |
| 10:57 | Build | House |
| 10:59 | Build | House |
| 11:00 | Build | House |
| 11:14 | Build | House |
| 11:22 | Build | House |
| 12:24 | Research | Leather Archer Armor |
| 12:37 | Build | University |
| 12:49 | Build | Farm |
| 12:50 | Build | Farm |
| 12:55 | Build | Farm |
| 12:55 | Build | Farm |
| 12:55 | Build | Farm |
| 12:55 | Build | Farm |
| 12:56 | Build | Farm |
| 13:03 | Research | Husbandry |
| 13:04 | Create | Unit 1944 ×5 |
| 13:14 | Create | Skirmisher ×3 |
| 13:50 | Create | Unit 1944 |
| 13:50 | Create | Unit 1944 |
| 14:05 | Create | Villager (Male) ×5 |
| 14:28 | Create | Villager (Male) |
| 14:29 | Create | Villager (Male) |
| 14:51 | Create | Unit 1944 |
| 14:57 | Create | Skirmisher ×5 |
| 14:58 | Create | Skirmisher ×5 |
| 15:42 | Research | Ballistics |
| 15:45 | Research | Murder Holes |
| 16:13 | Create | Villager (Male) |
| 16:13 | Create | Villager (Male) |
| 16:13 | Create | Villager (Male) |
| 16:17 | Research | Hand Cart |
| 16:18 | Create | Villager (Male) |
| 17:43 | Create | Villager (Male) |
| 17:43 | Create | Villager (Male) |
| 17:50 | Research | Elite Skirmisher (upgrade) |
| 17:51 | Create | Skirmisher ×5 |
| 17:51 | Create | Skirmisher ×5 |
| 17:52 | Create | Archer |
| 17:52 | Create | Archer |
| 18:08 | Create | Villager (Male) |
| 18:09 | Create | Villager (Male) |
| 18:59 | Build | Town Center |
| 19:12 | Build | House |
| 19:13 | Build | House |
| 19:15 | Build | House |
| 19:15 | Build | House |
| 19:37 | Research | Town Patrol |
| 19:39 | Create | Villager (Male) |
| 19:39 | Create | Villager (Male) |
| 19:46 | Research | Masonry |
| 19:48 | Research | Chain Barding Armor |
| 19:53 | Research | Gold Shaft Mining |
| 19:58 | Research | Bow Saw |
| 20:02 | Research | Stone Mining |
Build order — Tokugawer
First 150 of 246 actions detected
| 0:05 | Create | Villager (Male) |
| 0:05 | Create | Villager (Male) |
| 0:09 | Create | Militia |
| 0:09 | Create | Militia |
| 0:25 | Build | Mill |
| 0:48 | Create | Villager (Male) |
| 0:52 | Research | Double-Bit Axe |
| 0:55 | Build | House |
| 0:56 | Build | House |
| 0:57 | Build | House |
| 1:18 | Create | Villager (Male) |
| 1:42 | Create | Villager (Male) |
| 2:04 | Create | Militia |
| 2:04 | Research | Man-at-Arms (upgrade) |
| 2:11 | Create | Villager (Male) |
| 2:13 | Create | Villager (Male) |
| 2:26 | Build | Archery Range |
| 2:28 | Build | House |
| 2:39 | Research | Scale Mail Armor |
| 2:42 | Create | Villager (Male) |
| 2:45 | Create | Spearman |
| 2:45 | Create | Spearman |
| 4:12 | Create | Villager (Male) |
| 4:12 | Create | Villager (Male) |
| 4:12 | Create | Villager (Male) |
| 4:17 | Create | Villager (Male) |
| 4:21 | Build | Farm |
| 4:22 | Build | Farm |
| 4:22 | Build | Farm |
| 4:22 | Build | Farm |
| 5:25 | Create | Villager (Male) |
| 6:13 | Research | Castle Age |
| 6:18 | Create | Militia |
| 6:33 | Build | House |
| 6:35 | Build | House |
| 6:36 | Build | House |
| 6:37 | Build | House |
| 6:54 | Create | Villager (Male) |
| 6:54 | Create | Villager (Male) |
| 6:55 | Create | Militia |
| 6:55 | Create | Militia |
| 7:15 | Research | Horse Collar |
| 7:20 | Create | Militia |
| 7:26 | Build | Barracks |
| 7:34 | Build | Palisade Gate |
| 7:48 | Create | Militia |
| 7:51 | Research | Forging |
| 7:52 | Create | Villager (Male) |
| 7:52 | Create | Villager (Male) |
| 8:47 | Create | Villager (Male) |
| 8:57 | Age | Castle Age |
| 9:07 | Research | Long Swordsman (upgrade) |
| 9:10 | Create | Militia |
| 9:11 | Create | Militia |
| 9:13 | Research | Chain Mail Armor |
| 9:57 | Build | Mill |
| 10:04 | Build | Mining Camp |
| 10:22 | Research | Squires |
| 10:26 | Research | Iron Casting |
| 10:28 | Create | Villager (Male) |
| 10:28 | Create | Villager (Male) |
| 10:36 | Build | Town Center |
| 10:58 | Create | Villager (Male) |
| 11:33 | Create | Villager (Male) |
| 11:33 | Create | Villager (Male) |
| 11:37 | Research | Wheelbarrow |
| 12:10 | Create | Villager (Male) |
| 12:10 | Create | Villager (Male) |
| 12:53 | Create | Villager (Male) |
| 12:53 | Create | Villager (Male) |
| 12:54 | Create | Villager (Male) |
| 12:54 | Create | Villager (Male) |
| 13:05 | Build | House |
| 13:07 | Build | House |
| 13:09 | Build | House |
| 13:46 | Create | Villager (Male) |
| 13:46 | Create | Villager (Male) |
| 13:47 | Create | Villager (Male) |
| 13:47 | Create | Villager (Male) |
| 13:55 | Build | Town Center |
| 14:19 | Create | Villager (Male) |
| 14:24 | Research | Hand Cart |
| 14:27 | Research | Fletching |
| 14:32 | Create | Militia |
| 14:32 | Create | Militia |
| 14:32 | Create | Militia |
| 14:34 | Create | Militia |
| 14:34 | Create | Militia |
| 14:35 | Create | Militia |
| 14:46 | Build | Castle |
| 14:52 | Build | Mill |
| 15:07 | Create | Villager (Male) |
| 15:08 | Create | Villager (Male) |
| 15:08 | Create | Villager (Male) |
| 15:08 | Create | Villager (Male) |
| 15:16 | Create | Villager (Male) |
| 15:17 | Create | Villager (Male) |
| 15:17 | Create | Villager (Male) |
| 15:17 | Create | Villager (Male) |
| 15:17 | Create | Villager (Male) |
| 15:21 | Create | Villager (Male) |
| 15:21 | Create | Villager (Male) |
| 15:50 | Build | Barracks |
| 15:51 | Build | Barracks |
| 15:52 | Build | Barracks |
| 16:04 | Research | Bow Saw |
| 16:21 | Build | Farm |
| 16:22 | Build | Farm |
| 16:25 | Build | Farm |
| 16:28 | Build | Farm |
| 16:28 | Build | Farm |
| 16:29 | Build | Farm |
| 16:31 | Build | Farm |
| 16:36 | Create | Huskarl |
| 17:13 | Create | Huskarl |
| 17:13 | Create | Huskarl |
| 17:13 | Create | Huskarl |
| 17:14 | Create | Huskarl |
| 17:16 | Create | Militia |
| 17:17 | Create | Militia |
| 17:18 | Create | Militia |
| 17:21 | Create | Militia |
| 17:53 | Create | Villager (Male) |
| 17:53 | Create | Villager (Male) |
| 17:53 | Create | Villager (Male) |
| 17:54 | Create | Villager (Male) |
| 17:54 | Create | Villager (Male) |
| 17:54 | Create | Villager (Male) |
| 18:03 | Build | Mill |
| 18:04 | Build | Farm |
| 18:04 | Build | Farm |
| 18:04 | Build | Farm |
| 18:04 | Build | Farm |
| 18:08 | Research | Town Watch |
| 18:09 | Create | Villager (Male) |
| 18:09 | Create | Villager (Male) |
| 18:12 | Create | Huskarl |
| 18:34 | Create | Huskarl |
| 18:35 | Create | Huskarl |
| 18:35 | Create | Huskarl |
| 19:08 | Create | Villager (Male) |
| 19:08 | Create | Villager (Male) |
| 19:09 | Create | Villager (Male) |
| 19:42 | Create | Militia ×5 |
| 19:43 | Create | Militia ×5 |
| 19:44 | Create | Huskarl |
| 19:45 | Create | Huskarl |
| 19:45 | Create | Huskarl |
| 19:45 | Create | Huskarl |
| 19:47 | Create | Villager (Male) |
Build order — pajw734
144 actions detected in the replay
| 1:16 | Research | Wheelbarrow |
| 1:25 | Build | Mill |
| 1:30 | Research | Double-Bit Axe |
| 1:57 | Research | Town Watch |
| 2:10 | Build | Stable |
| 2:11 | Build | Stable |
| 2:18 | Research | Forging |
| 2:31 | Research | Scale Barding Armor |
| 2:43 | Create | Villager (Male) |
| 2:43 | Create | Villager (Male) |
| 3:04 | Build | Farm |
| 3:05 | Build | Farm |
| 3:13 | Create | Villager (Male) ×3 |
| 3:13 | Create | Villager (Male) ×3 |
| 3:44 | Build | Stable |
| 3:48 | Create | Villager (Male) ×4 |
| 3:48 | Create | Villager (Male) ×4 |
| 3:56 | Build | Farm |
| 4:19 | Create | Villager (Male) ×3 |
| 4:19 | Create | Villager (Male) ×3 |
| 4:36 | Build | Farm |
| 4:39 | Build | Farm |
| 4:42 | Create | Villager (Male) ×3 |
| 4:42 | Create | Villager (Male) ×3 |
| 4:54 | Create | Scout Cavalry |
| 5:27 | Research | Bloodlines |
| 5:47 | Build | Farm |
| 5:49 | Build | Farm |
| 5:50 | Build | Farm |
| 6:02 | Create | Scout Cavalry ×2 |
| 6:02 | Create | Scout Cavalry ×2 |
| 6:21 | Create | Scout Cavalry |
| 6:33 | Create | Villager (Male) |
| 6:58 | Create | Scout Cavalry |
| 6:59 | Create | Scout Cavalry |
| 7:10 | Build | Mill |
| 7:14 | Build | Farm |
| 7:15 | Build | Farm |
| 7:23 | Build | Farm |
| 7:25 | Build | Farm |
| 7:34 | Create | Scout Cavalry ×4 |
| 7:34 | Create | Scout Cavalry ×4 |
| 8:27 | Create | Villager (Male) ×5 |
| 9:56 | Research | Castle Age |
| 10:21 | Research | Fletching |
| 10:21 | Research | Padded Archer Armor |
| 10:28 | Build | Archery Range |
| 10:29 | Build | Archery Range |
| 10:31 | Build | Archery Range |
| 10:33 | Build | Archery Range |
| 12:41 | Age | Castle Age |
| 12:53 | Build | Town Center |
| 13:05 | Research | Husbandry |
| 13:08 | Create | Knight ×5 |
| 13:09 | Create | Knight ×5 |
| 13:09 | Create | Knight ×3 |
| 13:21 | Build | Town Center |
| 14:39 | Research | Hand Cart |
| 15:41 | Research | Iron Casting |
| 16:01 | Research | Gold Mining |
| 16:02 | Research | Stone Mining |
| 16:51 | Build | Farm |
| 16:54 | Build | Farm |
| 16:55 | Build | Farm |
| 17:11 | Research | Chain Barding Armor |
| 17:18 | Create | Villager (Male) ×2 |
| 17:18 | Create | Villager (Male) ×2 |
| 17:25 | Build | Farm |
| 17:27 | Build | Farm |
| 17:27 | Build | Farm |
| 17:33 | Research | Horse Collar |
| 17:34 | Research | Horse Collar |
| 18:00 | Build | Farm |
| 18:02 | Build | Farm |
| 18:08 | Build | Mining Camp |
| 18:14 | Create | Villager (Male) ×2 |
| 18:15 | Create | Villager (Male) ×3 |
| 18:15 | Create | Villager (Male) |
| 18:46 | Create | Villager (Male) ×2 |
| 18:46 | Create | Villager (Male) ×2 |
| 20:36 | Create | Villager (Male) ×5 |
| 20:36 | Create | Villager (Male) ×5 |
| 20:37 | Create | Villager (Male) ×5 |
| 20:37 | Create | Villager (Male) ×4 |
| 22:17 | Build | Farm |
| 22:20 | Build | Farm |
| 22:24 | Research | Bow Saw |
| 22:36 | Research | Gold Shaft Mining |
| 22:48 | Build | Mill |
| 22:51 | Build | Farm |
| 22:51 | Build | Farm |
| 22:54 | Build | Farm |
| 22:56 | Build | Farm |
| 22:57 | Build | Farm |
| 23:00 | Build | Farm |
| 23:03 | Build | Farm |
| 23:04 | Build | Farm |
| 23:04 | Build | Farm |
| 23:06 | Build | Farm |
| 23:08 | Build | Farm |
| 23:29 | Build | Mining Camp |
| 23:37 | Create | Villager (Male) ×5 |
| 23:37 | Create | Villager (Male) ×5 |
| 23:38 | Create | Villager (Male) ×5 |
| 23:38 | Create | Villager (Male) ×5 |
| 23:38 | Create | Villager (Male) ×2 |
| 24:26 | Build | Castle |
| 25:02 | Build | Stable |
| 25:03 | Build | Stable |
| 25:04 | Build | Stable |
| 25:05 | Build | Stable |
| 25:07 | Build | Stable |
| 25:07 | Build | Stable |
| 25:29 | Build | Mining Camp |
| 25:39 | Research | Imperial Age |
| 25:41 | Create | Villager (Male) ×3 |
| 25:41 | Create | Villager (Male) ×3 |
| 26:12 | Research | Light Cavalry (upgrade) |
| 26:20 | Create | Villager (Male) ×5 |
| 26:21 | Create | Villager (Male) |
| 26:47 | Build | Mill |
| 26:53 | Build | Farm |
| 27:32 | Build | Mining Camp |
| 27:40 | Create | Scout Cavalry ×5 |
| 27:40 | Create | Scout Cavalry ×5 |
| 27:40 | Create | Scout Cavalry ×5 |
| 27:40 | Create | Scout Cavalry ×5 |
| 28:52 | Age | Imperial Age |
| 29:01 | Research | Hussar (upgrade) |
| 29:06 | Research | Plate Barding Armor |
| 29:10 | Research | Conscription |
| 29:30 | Build | Mill |
| 29:30 | Build | Mill |
| 29:34 | Build | Farm |
| 29:35 | Build | Farm |
| 29:36 | Build | Farm |
| 29:37 | Build | Farm |
| 29:44 | Build | Farm |
| 29:45 | Build | Farm |
| 29:47 | Build | Farm |
| 29:49 | Build | Farm |
| 29:51 | Build | Farm |
| 29:55 | Build | Farm |
| 29:56 | Build | Farm |
Build order — 1829032
104 actions detected in the replay
| 0:02 | Create | Villager (Male) |
| 0:02 | Create | Villager (Male) |
| 0:03 | Create | Villager (Male) |
| 0:03 | Create | Villager (Male) |
| 0:22 | Build | Stable |
| 0:38 | Build | House |
| 0:42 | Build | House |
| 0:44 | Create | Villager (Male) |
| 0:55 | Create | Villager (Male) |
| 0:55 | Create | Villager (Male) |
| 0:55 | Create | Villager (Male) |
| 1:05 | Build | Mill |
| 1:13 | Create | Villager (Male) |
| 1:31 | Build | House |
| 1:43 | Create | Villager (Male) |
| 1:52 | Research | Double-Bit Axe |
| 1:56 | Create | Spearman |
| 2:12 | Build | House |
| 2:22 | Build | Mining Camp |
| 2:52 | Research | Forging |
| 2:53 | Research | Scale Barding Armor |
| 3:34 | Build | Watch Tower |
| 3:45 | Create | Villager (Male) |
| 3:46 | Research | Wheelbarrow |
| 4:00 | Build | Market |
| 4:27 | Build | Watch Tower |
| 5:01 | Create | Spearman |
| 5:01 | Create | Spearman |
| 5:20 | Create | Villager (Male) |
| 5:23 | Create | Spearman |
| 5:23 | Create | Spearman |
| 5:51 | Create | Villager (Male) |
| 6:17 | Build | House |
| 6:18 | Build | House |
| 6:18 | Build | House |
| 6:19 | Build | House |
| 6:41 | Build | Archery Range |
| 6:54 | Build | Farm |
| 6:54 | Build | Farm |
| 6:58 | Research | Gold Mining |
| 7:23 | Build | Stone Wall |
| 7:29 | Build | Gate |
| 7:36 | Create | Archer |
| 7:36 | Create | Archer |
| 7:52 | Build | Watch Tower |
| 7:56 | Build | House |
| 7:57 | Build | House |
| 7:57 | Build | House |
| 7:57 | Build | House |
| 7:59 | Build | House |
| 8:36 | Build | Stone Wall |
| 9:07 | Create | Archer |
| 9:23 | Build | Archery Range |
| 9:48 | Create | Archer ×5 |
| 10:26 | Create | Archer ×5 |
| 10:26 | Create | Archer |
| 10:59 | Research | Castle Age |
| 11:12 | Build | Watch Tower |
| 11:42 | Create | Villager (Male) |
| 11:42 | Create | Villager (Male) |
| 11:42 | Create | Villager (Male) |
| 12:30 | Build | Watch Tower |
| 12:49 | Build | Mill |
| 13:39 | Age | Castle Age |
| 13:44 | Research | Bow Saw |
| 14:35 | Build | University |
| 15:10 | Create | Spearman ×5 |
| 15:10 | Create | Spearman ×5 |
| 16:25 | Create | Knight |
| 16:26 | Create | Knight |
| 16:54 | Create | Spearman ×2 |
| 17:52 | Research | Pikeman (upgrade) |
| 18:34 | Build | Lumber Camp |
| 18:43 | Create | Villager (Male) |
| 18:43 | Create | Villager (Male) |
| 18:43 | Create | Villager (Male) |
| 19:20 | Research | Fletching |
| 19:41 | Create | Villager (Male) |
| 20:50 | Build | Watch Tower |
| 21:23 | Create | Archer |
| 21:24 | Create | Archer |
| 21:25 | Create | Cavalry Archer |
| 21:25 | Create | Cavalry Archer |
| 23:49 | Build | Town Center |
| 24:10 | Create | Villager (Male) |
| 24:45 | Build | Mill |
| 25:32 | Build | Market |
| 25:56 | Build | Town Center |
| 26:07 | Build | House |
| 26:18 | Build | House |
| 27:13 | Create | Villager (Male) |
| 27:13 | Create | Villager (Male) |
| 27:22 | Build | House |
| 27:23 | Build | House |
| 27:24 | Build | House |
| 27:24 | Build | House |
| 27:24 | Build | House |
| 27:26 | Build | House |
| 27:46 | Build | Gate |
| 28:34 | Build | Archery Range |
| 29:00 | Create | Villager (Male) |
| 29:29 | Create | Cavalry Archer |
| 29:30 | Create | Cavalry Archer |
| 29:30 | Create | Cavalry Archer |
Build order — Flumi
First 150 of 258 actions detected
| 0:06 | Create | Villager (Male) |
| 0:06 | Create | Villager (Male) |
| 0:06 | Create | Villager (Male) |
| 0:06 | Create | Villager (Male) |
| 0:07 | Create | Villager (Male) |
| 1:23 | Build | House |
| 1:25 | Build | House |
| 1:29 | Build | House |
| 1:32 | Build | House |
| 1:41 | Create | Villager (Male) |
| 1:41 | Create | Villager (Male) |
| 1:41 | Create | Villager (Male) |
| 2:09 | Research | Double-Bit Axe |
| 2:28 | Create | Villager (Male) |
| 2:55 | Build | Stable |
| 3:00 | Build | Stable |
| 3:33 | Build | Mill |
| 4:09 | Research | Castle Age |
| 4:35 | Research | Horse Collar |
| 4:41 | Research | Scale Barding Armor |
| 4:54 | Create | Spearman |
| 4:54 | Create | Spearman |
| 4:55 | Create | Spearman |
| 5:40 | Create | Villager (Male) |
| 5:41 | Create | Villager (Male) |
| 5:41 | Create | Villager (Male) |
| 5:41 | Create | Villager (Male) |
| 5:42 | Create | Villager (Male) |
| 5:48 | Research | Wheelbarrow |
| 6:01 | Build | Mining Camp |
| 6:25 | Create | Spearman |
| 6:26 | Create | Spearman |
| 6:26 | Create | Spearman |
| 6:27 | Create | Spearman |
| 6:35 | Age | Castle Age |
| 6:35 | Research | Forging |
| 6:42 | Research | Bloodlines |
| 6:53 | Build | Town Center |
| 7:06 | Create | Villager (Male) |
| 7:06 | Create | Villager (Male) |
| 7:29 | Build | Town Center |
| 7:39 | Create | Villager (Male) |
| 7:56 | Build | Mill |
| 8:11 | Research | Husbandry |
| 8:20 | Research | Gold Mining |
| 8:29 | Create | Knight |
| 8:30 | Create | Knight |
| 8:31 | Create | Knight |
| 8:33 | Create | Villager (Male) |
| 8:33 | Create | Villager (Male) |
| 9:02 | Create | Villager (Male) |
| 9:02 | Create | Villager (Male) |
| 9:03 | Create | Villager (Male) |
| 9:16 | Create | Knight |
| 9:17 | Create | Knight |
| 9:35 | Create | Knight |
| 9:36 | Create | Knight |
| 9:54 | Research | Squires |
| 9:58 | Create | Villager (Male) |
| 9:58 | Create | Villager (Male) |
| 9:59 | Create | Villager (Male) |
| 10:25 | Create | Villager (Male) |
| 10:26 | Create | Villager (Male) |
| 10:26 | Create | Villager (Male) |
| 10:26 | Create | Villager (Male) |
| 10:33 | Build | House |
| 10:35 | Build | House |
| 10:36 | Build | House |
| 10:40 | Build | House |
| 10:41 | Build | House |
| 10:43 | Build | House |
| 10:58 | Build | House |
| 11:11 | Create | Villager (Male) |
| 11:11 | Create | Villager (Male) |
| 11:12 | Create | Villager (Male) |
| 11:12 | Create | Villager (Male) |
| 11:38 | Create | Knight |
| 11:39 | Create | Knight |
| 11:39 | Create | Knight |
| 11:55 | Create | Knight |
| 11:56 | Create | Knight |
| 12:01 | Create | Villager (Male) |
| 12:01 | Create | Villager (Male) |
| 12:01 | Create | Villager (Male) |
| 12:46 | Research | Chain Barding Armor |
| 13:22 | Create | Knight |
| 13:23 | Create | Knight |
| 13:23 | Create | Knight |
| 13:23 | Create | Knight |
| 13:23 | Create | Knight |
| 13:24 | Create | Knight |
| 13:27 | Create | Villager (Male) |
| 13:27 | Create | Villager (Male) |
| 13:44 | Create | Villager (Male) |
| 13:44 | Create | Villager (Male) |
| 13:44 | Create | Villager (Male) |
| 14:51 | Create | Villager (Male) |
| 14:52 | Create | Villager (Male) |
| 14:52 | Create | Villager (Male) |
| 14:52 | Create | Villager (Male) |
| 14:52 | Create | Villager (Male) |
| 14:53 | Create | Villager (Male) |
| 14:53 | Create | Villager (Male) |
| 14:53 | Create | Villager (Male) |
| 15:10 | Create | Villager (Male) |
| 15:10 | Create | Villager (Male) |
| 15:11 | Create | Villager (Male) |
| 15:11 | Create | Villager (Male) |
| 15:11 | Create | Villager (Male) |
| 15:23 | Build | Farm |
| 15:23 | Build | Farm |
| 15:23 | Build | Farm |
| 15:24 | Build | Farm |
| 15:24 | Build | Farm |
| 15:24 | Build | Farm |
| 16:11 | Create | Villager (Male) |
| 16:11 | Create | Villager (Male) |
| 16:12 | Create | Villager (Male) |
| 16:12 | Create | Villager (Male) |
| 16:12 | Create | Villager (Male) |
| 16:28 | Create | Villager (Male) |
| 16:28 | Create | Villager (Male) |
| 16:29 | Create | Villager (Male) |
| 16:29 | Create | Villager (Male) |
| 16:29 | Create | Villager (Male) |
| 16:57 | Build | House |
| 16:59 | Build | House |
| 17:00 | Build | House |
| 17:01 | Build | House |
| 17:03 | Build | House |
| 17:04 | Build | House |
| 17:06 | Build | House |
| 17:27 | Create | Villager (Male) |
| 17:27 | Create | Villager (Male) |
| 17:28 | Create | Villager (Male) |
| 17:41 | Build | Lumber Camp |
| 17:54 | Build | House |
| 17:55 | Build | House |
| 17:57 | Build | House |
| 17:59 | Build | House |
| 18:01 | Build | House |
| 18:02 | Build | House |
| 18:21 | Build | Lumber Camp |
| 18:31 | Build | Farm |
| 18:31 | Build | Farm |
| 18:32 | Build | Farm |
| 18:32 | Build | Farm |
| 18:32 | Build | Farm |
| 18:33 | Build | Farm |
| 18:33 | Build | Farm |
Match timeline
| 0:22 | 1829032 · first_building Stable |
| 1:18 | TCONE · first_building Archery Range |
| 1:21 | TCONE · wall_segment Palisade Wall x1 |
| 1:49 | TCONE · wall_segment Palisade Wall x1 |
| 2:10 | pajw734 · first_building Stable |
| 2:26 | Tokugawer · first_building Archery Range |
| 2:55 | Flumi · first_building Stable |
| 3:15 | Jorasho · first_building Archery Range |
| 6:10 | Jorasho · first_building Stable |
| 6:35 | Flumi · age_up castle |
| 6:41 | 1829032 · first_building Archery Range |
| 7:23 | 1829032 · wall_segment Stone Wall x12 |
| 7:26 | Tokugawer · first_building Barracks |
| 7:32 | TCONE · age_up castle |
| 8:05 | 1829032 · first_market_buy 100 food |
| 8:36 | 1829032 · wall_segment Stone Wall x1 |
| 8:57 | Tokugawer · age_up castle |
| 9:52 | Jorasho · age_up castle |
| 9:56 | Jorasho · first_building Barracks |
| 10:28 | pajw734 · first_building Archery Range |
| 10:54 | 1829032 · first_market_sell 100 food |
| 12:41 | pajw734 · age_up castle |
| 13:39 | 1829032 · age_up castle |
| 14:46 | Tokugawer · first_building Castle |
| 19:30 | Flumi · first_building Castle |
| 22:16 | TCONE · first_market_buy 500 food |
| 22:20 | Jorasho · wall_segment Palisade Wall x10 |
| 23:54 | Tokugawer · first_building Monastery |
| 24:05 | Flumi · age_up imperial |
| 24:26 | pajw734 · first_building Castle |
| 25:14 | Tokugawer · age_up imperial |
| 26:00 | TCONE · first_building Siege Workshop |
| 26:28 | TCONE · first_building Monastery |
| 26:40 | Jorasho · first_building Castle |
| 28:52 | pajw734 · age_up imperial |
| 29:48 | Jorasho · resign |
[ AI ANALYSIS · 1 CREDIT ]
What really happened in this match?
Wolo.gg analyzes every decision: build order, eco, micro, common mistakes by bracket. Personalized analysis on WhatsApp or Discord in 30 seconds.
Civ guide
Ethiopians
Perfil
Jugador #392279